 Dungeon Crawl Stone Soup version 0.31-a0-152-g6aa68a64a1 (webtiles) character file.

Game seed: 53605090675107936

286 qw the Shooter (level 6, 0/53 HPs)
             Began as a Minotaur Hunter on June 10, 2023.
             Slain by a gnoll
             ... wielding a +0 flail
              (3 damage)
             ... on level 4 of the Dungeon.
             The game lasted 00:01:14 (2122 turns).

qw the Shooter (Minotaur Hunter)                    Turns: 2122, Time: 00:01:14

Health: 0/53       AC: 11    Str: 15    XL:     6   Next: 8%
Magic:  5/5        EV: 11    Int:  6    God:
Gold:   133        SH:  0    Dex: 16    Spells: 5/5 levels left

rFire   . . .        Y - +0 shortbow
rCold   . . .        (shield currently unavailable)
rNeg    . . .        l - +0 ring mail
rPois   .            (helmet restricted)
rElec   .            (no cloak)
rCorr   .            b - +0 pair of gloves
SInv    .            g - +0 pair of boots
Will    .....        (no amulet)
Stlth   +            f - +4 ring of protection
HPRegen 0.28/turn    (no ring)
MPRegen 0.09/turn

%: no passive effects
@: no status effects
A: horns 2, retaliatory headbutt
a: no special abilities


You were on level 4 of the Dungeon.
You visited 1 branch of the dungeon, and saw 4 of its levels.

You collected 133 gold pieces.


Innate Abilities, Weirdness & Mutations

You have a pair of horns on your head.
You reflexively headbutt those who attack you in melee.


   Skills:
 - Level 4.7 Fighting
 - Level 7.0 Ranged Weapons
 + Level 1.0 Armour
 - Level 2.1 Dodging
 - Level 0.7 Stealth


You had 5 spell levels left.
You didn't know any spells.
Your spell library was empty.

Inventory:

Hand Weapons
 Y - a +0 shortbow (weapon)
Armour
 b - a +0 pair of gloves (worn)
 g - a +0 pair of boots (worn)
 l - a +0 ring mail (worn)
Jewellery
 f - a +4 ring of protection (left hand)
Potions
 d - a potion of cancellation
 h - a potion of heal wounds {unknown}
 i - a potion of resistance {unknown}
 m - a potion of mutation {unknown}

Dungeon Overview and Level Annotations

Branches:
Dungeon (4/15)
 Temple: D:4-7

Altars:
Makhleb
Trog
Wu Jian

Shops:
D:1 [


Message History

The arrow hits the orc wizard but does no damage.
The orc wizard is moderately wounded.
The orc wizard hits you but does no damage.
You shoot an arrow. The arrow barely misses the orc wizard.
The arrow hits the gnoll.
The gnoll is severely wounded.
The orc wizard gestures wildly while chanting.
The orc wizard flickers and vanishes!
Deactivating autopickup; reactivate with Ctrl-A.
You shoot an arrow. The arrow barely misses the gnoll.
Something hits you.
You shoot an arrow. The arrow closely misses the gnoll.
Something hits you but does no damage.
You shoot an arrow.
You hear some strange, mumbled words.
A puff of flame appears from out of thin air!
The puff of flame hits you.
You shoot an arrow. The arrow hits the gnoll.
The gnoll is severely wounded.
Something hits you but does no damage. x2
You shoot an arrow.
Reactivating autopickup.
You feel a bit more experienced.
Your Ranged Weapons skill increases to level 7!
You have reached level 6!
You shoot an arrow. The arrow hits the gnoll.
The gnoll is severely wounded.
The gnoll closely misses you.
You shoot an arrow.
The arrow hits the gnoll but does no damage.
The gnoll is severely wounded.
The gnoll closely misses you. You furiously retaliate!
You headbutt the gnoll. You shoot an arrow.
The arrow hits the gnoll but does no damage.
The gnoll is almost dead.
The gnoll hits you with a +0 flail.
You shoot an arrow. The arrow hits the gnoll.
The gnoll is almost dead.
The gnoll hits you with a +0 flail.
You die...

#####....# .........#
.........# ...:.....#
......<..#####
.........)%...############
...?[.#..g###.........)).?
#.#####.#g# ##############
#.##....#@# #.##.####)#
#.#..# #.## #.#.## ##..##
###...# #....# #..g.##
#....#####
#.##)#####.........
#.##.)..........##
#.....####)..####


You could see 2 gnolls.

Vanquished Creatures
  A scorpion (D:4)
  A jelly (D:4)
  3 orc wizards (D:4)
  An adder (D:2)
  4 gnolls (D:4)
  A dart slug (D:3)
  6 orcs (D:4)
  6 endoplasms
  5 giant cockroaches
  2 hobgoblins
  4 jackals (D:2)
  2 quokkas
  8 ball pythons
  7 bats
  2 frilled lizards
  8 goblins
  4 kobolds
  5 rats
70 creatures vanquished.

Notes
Turn   | Place    | Note
-------+----------+-------------------------------------------
     0 | D:1      | qw the Minotaur Hunter began the quest for the Orb.
     0 | D:1      | Reached XP level 1. HP: 18/18 MP: 0/0
     0 | D:1      | 0 ||| qw: Version: 0.2-a-122-gbc61b45
     0 | D:1      | 0 ||| qw: Game counter: 3617
     0 | D:1      | 0 ||| qw: Always use a shield: true
     0 | D:1      | 0 ||| qw: God list: Okawaru
     0 | D:1      | 0 ||| qw: Allow faded altars: false
     0 | D:1      | 0 ||| qw: Do Orc after D:15 true
     0 | D:1      | 0 ||| qw: Do second Lair branch before Depths: true
     0 | D:1      | 0 ||| qw: Lair rune preference: random
     0 | D:1      | 0 ||| qw: Plans: Normal
     0 | D:1      | 0 ||| PLANNING D:1-11
   493 | D:1      | Reached XP level 2. HP: 25/25 MP: 1/1
   539 | D:1      | Found Fust's Armour Shop.
   541 | D:1      | Reached skill level 5 in Ranged Weapons
   553 | D:1      | 553 ||| SHOPLISTING +0 pair of gloves (63 gold, have 58).
   553 | D:1      | 553 ||| SHOPLISTING +3 leather armour of fire resistance
                  | (336 gold, have 58).
   774 | D:1      | 774 ||| UPGRADING to +0 ring mail.
   784 | D:1      | 784 ||| DROPPING +0 leather armour.
   785 | D:1      | 785 ||| READING scroll labelled JER SIAWUKKYC.
   786 | D:1      | 786 ||| READING 2 scrolls labelled WEZAVI FAONOD.
   787 | D:1      | 787 ||| READING 2 scrolls labelled TADDADEA WUNWUEXAU.
   788 | D:1      | 788 ||| READING scroll labelled PUACZO ARPHATO.
   789 | D:1      | 789 ||| READING scroll labelled MIKLUBR CEPLA.
   790 | D:1      | 790 ||| READING scroll labelled REZXUCK YBOI.
   791 | D:1      | 791 ||| DRINKING 2 inky potions.
   792 | D:1      | 792 ||| DROPPING scroll of butterflies.
   793 | D:1      | 793 ||| DROPPING scroll of poison.
   794 | D:1      | 794 ||| DROPPING scroll of noise.
   849 | D:2      | Reached skill level 1 in Armour
   952 | D:2      | Identified the +0 chain mail of Axzez {Stlth+}
   976 | D:2      | Reached skill level 3 in Fighting
  1017 | D:2      | Reached XP level 3. HP: 31/31 MP: 2/2
  1367 | D:2      | 1367 ||| UPGRADING to +0 pair of gloves.
  1372 | D:2      | 1372 ||| DRINKING 2 puce potions.
  1385 | D:3      | 1385 ||| STAIRDANCE
  1411 | D:3      | 1411 ||| STAIRDANCE
  1449 | D:3      | 1449 ||| STAIRDANCE
  1649 | D:3      | Found a burning altar of Makhleb.
  1749 | D:3      | Found an ornate altar of the Wu Jian Council.
  1749 | D:3      | Found a bloodstained altar of Trog.
  1803 | D:3      | 1803 ||| UPGRADING to +0 pair of boots.
  1808 | D:3      | 1808 ||| UPGRADING to +4 ring of protection.
  1809 | D:3      | 1809 ||| READING 2 scrolls labelled HEUNUM ZULU.
  1814 | D:3      | 1814 ||| DRINKING 3 purple potions.
  1839 | D:3      | 1839 ||| DROPPING 2 potions of lignification.
  1906 | D:4      | 1906 ||| Stepping ~*~*~tactically~*~*~ (outnumbered).
  1910 | D:4      | Reached XP level 4. HP: 38/38 MP: 3/3
  1911 | D:4      | 1911 ||| Stepping ~*~*~tactically~*~*~ (outnumbered).
  1917 | D:4      | 1917 ||| FLEEEEING.
  1918 | D:4      | 1918 ||| FLEEEEING.
  1919 | D:4      | 1919 ||| FLEEEEING.
  1920 | D:4      | 1920 ||| FLEEEEING.
  1921 | D:4      | 1921 ||| FLEEEEING.
  1922 | D:4      | 1922 ||| FLEEEEING.
  1923 | D:4      | 1923 ||| FLEEEEING.
  1924 | D:4      | 1924 ||| FLEEEEING.
  1925 | D:4      | 1925 ||| FLEEEEING.
  1926 | D:4      | 1926 ||| FLEEEEING.
  1927 | D:4      | 1927 ||| FLEEEEING.
  1928 | D:4      | 1928 ||| FLEEEEING.
  1929 | D:4      | 1929 ||| FLEEEEING.
  1930 | D:4      | 1930 ||| FLEEEEING.
  1931 | D:4      | 1931 ||| DRINKING potion of curing.
  1931 | D:4      | 1931 ||| (to cure confusion)
  1955 | D:4      | Reached skill level 6 in Ranged Weapons
  2018 | D:4      | Noticed a scorpion
  2023 | D:4      | 2023 ||| Stepping ~*~*~tactically~*~*~ (outnumbered).
  2031 | D:4      | Killed a scorpion
  2032 | D:4      | Reached XP level 5. HP: 37/47 MP: 4/4
  2058 | D:4      | HP: 10/47 [gnoll/+0 flail (8)]
  2059 | D:4      | 2059 ||| READING scroll of teleportation.
  2067 | D:4      | 2067 ||| FLEEEEING.
  2068 | D:4      | 2068 ||| FLEEEEING.
  2069 | D:4      | 2069 ||| FLEEEEING.
  2073 | D:4      | HP: 10/47 [orc/+0 club (1)]
  2084 | D:4      | HP: 8/47 [gnoll/+0 spear (4)]
  2090 | D:4      | HP: 8/47 [gnoll/+0 spear (2)]
  2094 | D:4      | 2094 ||| FLEEEEING.
  2095 | D:4      | 2095 ||| FLEEEEING.
  2096 | D:4      | 2096 ||| FLEEEEING.
  2097 | D:4      | 2097 ||| FLEEEEING.
  2098 | D:4      | 2098 ||| FLEEEEING.
  2099 | D:4      | 2099 ||| FLEEEEING.
  2100 | D:4      | 2100 ||| FLEEEEING.
  2101 | D:4      | 2101 ||| FLEEEEING.
  2102 | D:4      | 2102 ||| FLEEEEING.
  2116 | D:4      | HP: 6/47 [something/puff of flame (6)]
  2119 | D:4      | Reached skill level 7 in Ranged Weapons
  2119 | D:4      | Reached XP level 6. HP: 8/53 MP: 5/5
  2121 | D:4      | HP: 3/53 [gnoll/+0 flail (6)]
  2122 | D:4      | Slain by a gnoll

Levels and vault maps discovered:
D:1:      dpeg_arrival_shrine, layout_basic, serial_shops, shop, chequers_garden
D:2:      layout_basic, minmay_misc_feat_nine_boxes
D:3:      layout_rooms, mainiacjoe_overflow_concentric_impassable,
          gammafunk_temple_overflow_elements
D:4:      layout_rooms, minmay_small_thing, uniq_robin

Skill      XL: |  1  2  3  4  5 |
---------------+----------------+-----
Ranged Weapons | 5 6 7 |  7.0
Armour         | 1 |  1.0
Fighting       | 3 4 |  4.7
Dodging        | |  2.1
Stealth        | |  0.7

Action                     |  1- 3 |  4- 6 || total
---------------------------+-------+-------++-------
   Fire: Shortbow          |   146 |    98 ||   244
    Use: Scroll            |     7 |     1 ||     8
         Potion            |     3 |     1 ||     4
 Armour: Leather armour    |     4 |       ||     4
         Ring mail         |    33 |    61 ||    94
  Dodge: Dodged            |    59 |    64 ||   123

Table legend:
 A = Non-vault XP
 B = Vault XP
 C = Vault XP percentage of total XP
 D = Non-vault monster count
 E = Vault monster count
 F = Vault count percentage of total count
                 A         B        C        D         E       F
            +---------+---------+-------+---------+---------+-------
      Total |     409 |       0 |   0.0 |      70 |       0 |   0.0
            +---------+---------+-------+---------+---------+-------
        D:1 |      19 |       0 |   0.0 |      14 |       0 |   0.0
        D:2 |      48 |       0 |   0.0 |      22 |       0 |   0.0
        D:3 |      23 |       0 |   0.0 |      13 |       0 |   0.0
        D:4 |     319 |       0 |   0.0 |      21 |       0 |   0.0
            +---------+---------+-------+---------+---------+-------
